 Dungeon Crawl Stone Soup version 0.28.0-43-g3370ac3207 (webtiles) character file.

Game seed: 11540693895891669271

8949 pkoi the Carver (level 11, 0/95 HPs)
             Began as a Minotaur Fighter on Mar 3, 2022.
             Was an Elder of Okawaru.
             Slain by a centaur warrior
             ... wielding a +0 morningstar
              (2 damage)
             ... on level 10 of the Dungeon.
             The game lasted 00:11:15 (15732 turns).

pkoi the Carver (Minotaur Fighter)                 Turns: 15732, Time: 00:11:16

Health: 0/95       AC: 19    Str: 26    XL:     11   Next: 16%
Magic:  11/12      EV:  9    Int:  5    God:    Okawaru [****..]
Gold:   552        SH:  8    Dex:  9    Spells: 10/10 levels left

rFire   . . .      SeeInvis .   y - +0 scimitar
rCold   . . .      Faith    .   c - +1 buckler
rNeg    + . .      Spirit   .   p - +2 plate armour {rN+}
rPois   .          Reflect  .   (helmet restricted)
rElec   .          Harm     .   (no cloak)
rCorr   .          Rampage  .   (no gloves)
Will    +....                   v - +0 pair of boots
Stlth   ..........              (no amulet)
HPRegen 0.25/turn               i - ring of willpower
MPRegen 0.13/turn               (no ring)

@: heroic
A: horns 2, retaliatory headbutt
a: Renounce Religion, Heroism, Finesse


You were on level 10 of the Dungeon.
You worshipped Okawaru.
Okawaru was greatly pleased with you.
You visited 2 branches of the dungeon, and saw 11 of its levels.

You collected 552 gold pieces.

Inventory:

Hand Weapons
 a - a +0 long sword
 k - the +11 spear "Qaschit" {vorpal, SInv}
   (You found it on level 5 of the Dungeon)

   It inflicts extra damage upon your enemies.
   SInv:      It lets you see invisible.
 y - a +0 scimitar (weapon)
Missiles
 n - 40 poisoned darts
 q - 18 boomerangs (quivered)
Armour
 c - a +1 buckler (worn)
 p - a +2 plate armour of positive energy (worn)
 v - a +0 pair of boots (worn)
Jewellery
 i - a ring of willpower (left hand)
 x - a ring of protection from cold
Wands
 l - a wand of acid (8)
 s - a wand of digging (5)
 u - a wand of iceblast (5)
Scrolls
 g - 7 scrolls of identify
 h - a scroll of enchant armour
 m - 3 scrolls of magic mapping
 o - a scroll of brand weapon
 r - a scroll of vulnerability {unknown}
 t - a scroll of teleportation
 w - a scroll of blinking
Potions
 b - a potion of lignification
 d - 2 potions of might
 e - a potion of curing
 f - 3 potions of heal wounds
 j - a potion of haste


   Skills:
 + Level 8.9(13.9) Fighting
 * Level 13.1(18.1) Long Blades
 - Level 4.0(9.0) Throwing
 + Level 8.8(13.8) Armour
 - Level 9.0(14.0) Shields
 + Level 3.8 Invocations
 + Level 3.4 Evocations


You had 10 spell levels left.
You didn't know any spells.
Your spell library contained the following spells:

 Spells                   Type           Power      Damage    Failure   Level
 Apportation              Tloc           0%         N/A       99%         1
 Magic Dart               Conj           0%         1d3       99%         1
 Slow                     Hex            0%         N/A       99%         1
 Searing Ray              Conj           0%         2d4       100%        2
 Confusing Touch          Hex            0%         N/A       100%        3
 Gell's Gravitas          Tloc           0%         N/A       100%        3
 Lesser Beckoning         Tloc           0%         N/A       100%        3
 Teleport Other           Tloc           0%         N/A       100%        3
 Vampiric Draining        Necr           0%         2d6       100%        3
 Fulminant Prism          Conj/Hex       0%         3d6       100%        4
 Animate Skeleton         Necr           Unusable   N/A       N/A         1
 Summon Small Mammal      Summ           Unusable   N/A       N/A         1

Dungeon Overview and Level Annotations

Branches:
Dungeon (10/15)            Temple (1/1) D:6            Lair (0/6) D:10
    Orc: D:9-12

Altars:
Ashenzari
Cheibriados
Dithmenos
Elyvilon
Fedhas
Gozag
Hepliaklqana
Kikubaaqudgha
Makhleb
Nemelex Xobeh
Okawaru
Qazlal
Ru
Sif Muna
Trog
Uskayaw
Vehumet
Wu Jian
Xom
Yredelemnul
Zin
The Shining One

Shops:
D:5 [


Innate Abilities, Weirdness & Mutations

You have a pair of horns on your head.
You reflexively headbutt those who attack you in melee.


Message History

* * * LOW HITPOINT WARNING * * *
You block the centaur warrior's attack.
Unknown command.
You hit the centaur warrior.
The centaur warrior is severely wounded.
You block the centaur warrior's attack.
The centaur warrior kicks you but does no damage.
The yak gores you but does no damage. The yak barely misses you.
The yak gores you but does no damage.
Unknown command.
You closely miss the centaur warrior.
You headbutt the centaur warrior, but do no damage.
The centaur warrior is severely wounded.
The centaur warrior closely misses you. You furiously retaliate!
You headbutt the centaur warrior.
The centaur warrior kicks you but does no damage.
The yak gores you but does no damage. The yak closely misses you. x2
You furiously retaliate!
You headbutt the yak.
The centaur warrior hits you with a +0 morningstar!
* * * LOW HITPOINT WARNING * * *
The centaur warrior kicks you but does no damage.
You hit the centaur warrior but do no damage.
The centaur warrior is severely wounded.
The centaur warrior hits you with a +0 morningstar!
* * * LOW HITPOINT WARNING * * *
The centaur warrior kicks you but does no damage.
Unknown command.
You hit the centaur warrior.
The centaur warrior is almost dead.
The yak gores you.
* * * LOW HITPOINT WARNING * * *
The yak gores you!
* * * LOW HITPOINT WARNING * * *
The yak gores you but does no damage. The centaur warrior barely misses you.
The centaur warrior closely misses you.
You closely miss the centaur warrior.
The centaur warrior is almost dead.
The yak gores you but does no damage.
The centaur warrior hits you with a +0 morningstar.
You die...

.........##'#..#'##....≈≈≈ ...
............c..........≈≈≈ ...
.......................... ...
...⌠...................... ...
.........#'##....))....≈≈≈ ...
.........#..#..........≈≈≈ ...
.........#.>#....Z.....≈≈≈ ...
.........####..##c#....≈≈≈ ...
.........).....#@Y#....≈≈≈ #..
.....)...[.....#YY#....≈≈≈ +.
.....#'##......####....≈≈≈ #
.....#..#..............≈≈≈#
.....#..#..............≈≈≈##
.....####.........?....≈≈≈≈##
≈.......................≈≈≈≈#
≈≈..≈≈≈≈≈≈≈≈≈≈≈..........≈≈≈≈≈≈
.≈...≈..######≈...........≈≈≈≈≈≈


You could see a centaur warrior, 3 yaks and a centaur warrior zombie (summoned).

Vanquished Creatures
  Erolcha (D:9)
  2 two-headed ogres
  Pikel (D:6)
  2 centaur zombies
  A manticore (D:10)
  Maggie (D:9)
  Psyche (D:9)
  2 trolls (D:8)
  A merfolk (D:9)
  Sigmund (D:3)
  5 yaks
  A steam dragon (D:7)
  An acid dragon (D:10)
  2 water moccasins
  3 orc warriors
  2 sky beasts
  An ogre (D:7)
  5 centaurs
  Blork the orc (D:6)
  3 kobold brigands
  6 bullfrogs (D:10)
  A wyvern zombie (D:7)
  3 scorpions
  6 killer bees (D:9)
  3 electric eels (D:10)
  A howler monkey (D:7)
  A bullfrog zombie (D:6)
  2 jellies
  3 hounds (D:7)
  A bullfrog skeleton (D:5)
  8 orc priests
  5 gnoll shamans
  An iguana (D:6)
  11 orc wizards
  A hound skeleton (D:5)
  2 howler monkey zombies (D:8)
  11 gnolls
  8 adders
  2 shadow imps
  A white imp (D:7)
  An ufetubus (D:4)
  6 dart slugs
  26 orcs
  7 ball pythons
  5 bats
  5 endoplasms
  5 giant cockroaches
  4 goblins
  12 hobgoblins
  4 jackals (D:2)
  2 quokkas (D:1)
  3 frilled lizards
  27 kobolds
  2 rats
223 creatures vanquished.

Vanquished Creatures (others)
  10 plants (D:10)
10 creatures vanquished.

Grand Total: 233 creatures vanquished

Notes
Turn   | Place    | Note
-------+----------+-------------------------------------------
     0 | D:1      | pkoi the Minotaur Fighter began the quest for the Orb.
     0 | D:1      | Reached XP level 1. HP: 19/19 MP: 0/0
   177 | D:1      | Reached skill level 3 in Long Blades
   226 | D:1      | You fall into a shaft and drop 1 floor!
   230 | D:2      | Reached XP level 2. HP: 26/26 MP: 1/1
   496 | D:1      | Reached XP level 3. HP: 31/31 MP: 2/2
   578 | D:1      | Reached skill level 4 in Long Blades
  1360 | D:2      | Reached XP level 4. HP: 38/39 MP: 3/3
  1472 | D:2      | Found a faded altar of an unknown god.
  1510 | D:3      | Noticed Sigmund
  1517 | D:3      | Killed Sigmund
  1518 | D:3      | Reached skill level 6 in Long Blades
  1518 | D:3      | Reached skill level 5 in Shields
  1518 | D:3      | Reached XP level 5. HP: 42/45 MP: 4/4
  1703 | D:3      | Reached XP level 6. HP: 51/51 MP: 5/5
  2741 | D:4      | HP: 2/52 [kobold/+1 short sword of speed (3)]
  3111 | D:4      | Reached skill level 7 in Long Blades
  3802 | D:5      | Entered Level 5 of the Dungeon
  3810 | D:5      | Reached XP level 7. HP: 58/59 MP: 6/6
  4507 | D:5      | Found Atiomef's Armour Shoppe.
  4761 | D:5      | Identified the +11 spear "Qaschit" {vorpal, SInv}
  4829 | D:6      | Noticed Blork the orc
  4832 | D:6      | Killed Blork the orc
  4833 | D:6      | Reached skill level 8 in Long Blades
  4964 | D:6      | Reached skill level 5 in Armour
  5301 | D:6      | Found a staircase to the Ecumenical Temple.
  5316 | Temple   | Entered the Ecumenical Temple
  5319 | Temple   | Reached skill level 5 in Fighting
  5319 | Temple   | Reached XP level 8. HP: 63/68 MP: 7/7
  5678 | Temple   | Became a worshipper of Warmaster Okawaru
  6361 | D:6      | Noticed Pikel
  6379 | D:6      | Killed Pikel
  6379 | D:6      | Reached * piety under Okawaru
  6380 | D:6      | Reached skill level 9 in Long Blades
  7328 | D:7      | Reached skill level 10 in Long Blades
  7328 | D:7      | Reached XP level 9. HP: 55/75 MP: 8/8
  7387 | D:7      | Reached ** piety under Okawaru
  9618 | D:7      | Reached *** piety under Okawaru
  9619 | D:7      | Reached skill level 11 in Long Blades
 10091 | D:8      | Reached XP level 10. HP: 63/86 MP: 9/9
 10469 | D:8      | Reached skill level 1 in Invocations
 10469 | D:8      | Reached skill level 1 in Evocations
 10469 | D:8      | Found a glowing golden altar of the Shining One.
 11557 | D:9      | Noticed Erolcha
 11572 | D:9      | Killed Erolcha
 11572 | D:9      | Reached **** piety under Okawaru
 11573 | D:9      | Reached skill level 12 in Long Blades
 13201 | D:9      | Noticed Maggie
 13203 | D:9      | Noticed Psyche
 13211 | D:9      | Killed Maggie
 13211 | D:9      | Received a gift from Okawaru
 13215 | D:9      | Killed Psyche
 13652 | D:10     | Entered Level 10 of the Dungeon
 14096 | D:10     | Found a staircase to the Lair.
 14600 | D:10     | Noticed a two-headed ogre
 14650 | D:9      | Killed a two-headed ogre
 14650 | D:9      | Received a gift from Okawaru
 14669 | D:9      | Reached XP level 11. HP: 15/95 MP: 6/12
 15473 | D:10     | Found a glowing silver altar of Zin.
 15507 | D:10     | Reached skill level 13 in Long Blades
 15699 | D:10     | Noticed a two-headed ogre
 15709 | D:10     | Killed a two-headed ogre
 15712 | D:10     | Noticed a centaur warrior
 15731 | D:10     | HP: 1/95 [yak[a centaur warrior] (7)]
 15732 | D:10     | Slain by a centaur warrior

Illustrated notes

Levels and vault maps discovered:
D:1:      erik_arrival_orb_chamber, layout_loops_ring
D:2:      layout_basic, hellmonk_ecumenical_altar_heavens_door,
          patterned_corridor
D:3:      layout_basic, uniq_sigmund
D:4:      layout_loops_ring
D:5:      layout_loops_ring, serial_shops, shop
D:6:      layout_loops_corners, minmay_temple_entry_sparse_star,
          minmay_door_square, uniq_blork_the_orc, uniq_pikel
D:7:      layout_loops_ring
D:8:      layout_rooms, nicolae_tso_swordbearing_angel, nicolae_zen_rock_garden
D:9:      layout_basic, uniq_psyche, uniq_maggie, uniq_erolcha
D:10:     kennysheep_town
Temple:   mainiacjoe_temple_circle_huts

Skill      XL: |  1  2  3  4  5  6  7  8  9 10 11 |
---------------+----------------------------------+-----
Long Blades    | 3 4 6 7 8 10 11 12 13 | 13.1
Shields        | 4 5 6 7 8 9 |  9.0
Armour         | 4 5 6 7 8 |  8.8
Fighting       | 4 5 6 7 8 |  8.9
Throwing       | 2 4 |  4.0
Invocations    | 3 |  3.8
Evocations     | 3 |  3.4

Action                   |  1- 3 |  4- 6 |  7- 9 | 10-12 || total
-------------------------+-------+-------+-------+-------++-------
Melee: Long sword        |    84 |   108 |    29 |     8 ||   229
       Headbutt          |    13 |    17 |    43 |    32 ||   105
       Spear             |       |       |   219 |   154 ||   373
       Scimitar          |       |       |       |    20 ||    20
Throw: Boomerang         |       |       |       |     6 ||     6
Invok: Heroism           |       |       |       |     3 ||     3
       Finesse           |       |       |       |     1 ||     1
Evoke: Wand              |       |       |       |     3 ||     3
  Use: Potion            |       |     6 |       |     1 ||     7
       Scroll            |       |       |    10 |     3 ||    13
Armor: Scale mail        |    35 |    18 |       |       ||    53
       Plate armour      |       |    42 |   129 |    92 ||   263
Dodge: Dodged            |    47 |    27 |    58 |    62 ||   194
Block: Buckler           |    15 |    21 |    73 |    70 ||   179
